Map: Protocole central

Players

Worming - Winner!

  • Race: Zerg Zerg
  • League: Diamond

Kev

  • Race: Terran Terran
  • League: Diamond

VOD

Have the link to the VOD?

Description

Time

  • Played on: Nov. 23, 2015, 2:15 p.m.
  • Length: 13:09
Show
View Real Time Build Order
Export as new Build Order

Worming Zerg - Winner!

Build Orders: Pool First, Muta Ling Bane 

Get SALT Encoding   

  12  0:01  Drone  
  13  0:08  Drone  
  14  0:19  Extractor  
  14  0:21  Drone, Extractor  
  14  0:22  Drone  
  16  0:35  Spawning Pool  
  15  0:40  Extractor  
  14  0:46  Drone, Extractor  
  15  0:50  Overlord  
  15  1:12  Drone  
  16  1:22  Queen  
  16  1:23  Zergling x4  
  16  1:24  Zergling x2  
  21  1:34  Zergling x2  
  22  1:47  Metabolic Boost  
  22  1:52  Overlord  
  22  2:03  Hatchery  
  21  2:25  Drone x3  
  24  2:32  Queen  
  24  2:36  Overlord  
  26  2:37  Drone  
  26  3:18  Drone x7, Roach Warren  
  32  3:21  Queen  
  34  3:34  Spine Crawler  
  33  3:42  Drone x2  
  33  3:43  Drone x3  
  37  3:52  Overlord  
  37  3:59  Extractor  
  37  4:01  Overlord  
  36  4:03  Lair  
  36  4:06  Extractor  
  34  4:11  Drone x3  
  34  4:15  Drone  
  38  4:24  Drone x4  
  38  4:25  Drone  
  43  4:39  Drone x2  
  43  4:41  Drone x2  
  45  5:03  Spire  
  45  5:05  Baneling Nest  
  45  5:06  Drone, Extractor  
  45  5:07  Drone x2  
  45  5:16  Queen  
  45  5:18  Drone  
  45  5:19  Drone  
  45  5:20  Drone, Hatchery  
  49  5:22  Drone  
  49  5:24  Drone  
  49  5:28  Overlord  
  51  5:57  Roach x3  
  51  5:58  Roach  
  59  6:10  Overlord x2  
  59  6:15  Zerg Flyer Weapons Level 1, Mutalisk x4  
  67  6:32  Drone x5  
  72  6:39  Centrifical Hooks, Mutalisk  
  72  6:40  Evolution Chamber, Mutalisk x2  
  72  6:42  Evolution Chamber  
  72  6:45  Drone x2  
  78  6:54  Drone x3  
  81  6:55  Drone  
  79  7:16  Zergling x18  
  88  7:23  Zergling x2  
  87  7:36  Zerg Melee Weapons Level 1, Zerg Ground Armor Level 1  
  87  7:44  Drone x4  
  87  7:45  Overlord x4  
  89  7:52  Hatchery  
  89  7:55  Infestation Pit  
  89  7:56  Queen  
  89  8:02  Overlord  
  89  8:04  Zergling x2  
  90  8:07  Drone x2  
  90  8:10  Drone x2  
  94  8:23  Drone x10, Hatchery  
  94  8:26  Extractor x2  
  101  8:28  Zergling x2  
  101  8:31  Burrow  
  101  8:33  Hive  
  102  8:47  Overseer x2  
  102  8:53  Baneling  
  102  8:54  Baneling x16  
  102  8:55  Zergling x16  
  94  9:30  Hatchery  
  93  9:34  Drone x3  
  93  9:35  Zergling x6  
  82  10:08  Baneling x6  
  80  10:16  Ultralisk Cavern  
  73  10:27  Queen x2  
  77  10:30  Drone x3  
  77  10:33  Zerg Melee Weapons Level 2, Zerg Ground Armor Level 2  
  77  10:35  Adrenal Glands  
  80  10:37  Zergling x18  
  89  10:44  Drone x6  
  95  10:56  Baneling x11  
  95  10:57  Zergling x8  
  95  11:02  Zergling x18  
  95  11:03  Chitinous Plating, Pneumatized Carapace  
  108  11:23  Overlord  
  108  11:24  Overlord  
  108  11:26  Extractor x2  
  108  11:28  Spore Crawler, Spine Crawler  
  108  11:30  Mutalisk x4  
  108  11:31  Mutalisk x3  
  118  11:33  Overlord  
  118  11:39  Hatchery  
  115  11:53  Ultralisk  
  115  11:54  Ultralisk x2  
  133  12:03  Overseer  
  133  12:11  Queen x2  
  133  12:14  Overseer  
  137  12:16  Zergling x2, Ultralisk  
  137  12:17  Zergling x8  
  149  12:22  Drone  
  149  12:23  Drone x3  
  149  12:24  Drone  
Show
View Real Time Build Order
Export as new Build Order

Kev Terran 

Build Orders: Reaper Expand, MMM Bio 

Get SALT Encoding   

  12  0:01  SCV  
  13  0:13  SCV  
  14  0:18  Supply Depot  
  14  0:25  SCV  
  15  0:39  SCV  
  15  0:41  Barracks  
  16  0:46  Refinery  
  16  0:51  SCV  
  17  1:03  SCV  
  18  1:15  SCV  
  19  1:28  Orbital Command  
  19  1:29  Reaper  
  20  1:42  Command Center  
  20  1:53  Supply Depot  
  20  1:58  SCV  
  21  2:06  Barracks Reactor  
  21  2:10  SCV  
  22  2:23  Factory  
  21  2:32  SCV  
  22  2:43  Command Center  
  22  2:46  SCV  
  22  2:48  Marine x2  
  25  3:03  SCV  
  29  3:17  SCV  
  26  3:20  Hellion x2  
  26  3:21  Barracks Tech Lab  
  26  3:22  Barracks  
  26  3:23  Barracks  
  30  3:28  Supply Depot  
  30  3:38  SCV  
  30  3:41  Bunker, Stimpack  
  31  3:49  Hellion x2, Marine  
  31  3:53  SCV  
  37  3:55  Orbital Command  
  37  4:12  Barracks Reactor x2  
  37  4:14  SCV  
  37  4:15  Refinery  
  38  4:26  Hellion x2  
  38  4:30  Orbital Command  
  42  4:35  Starport  
  42  4:39  SCV  
  42  4:41  Marine  
  42  4:45  Refinery  
  44  4:47  Bunker  
  41  5:01  SCV x2  
  43  5:07  Marine x2  
  43  5:08  Marine x3  
  43  5:13  SCV x2  
  50  5:19  Supply Depot  
  50  5:25  Factory Reactor, SCV x2  
  50  5:37  SCV x2  
  50  5:41  Marine x3  
  50  5:42  Marine x2  
  57  5:52  Medivac x2  
  57  5:56  Supply Depot x2  
  61  5:59  SCV  
  62  6:04  Engineering Bay  
  62  6:05  Combat Shields, Engineering Bay  
  62  6:17  SCV x2, Marine x5  
  69  6:19  Supply Depot x2  
  69  6:25  Widow Mine x2  
  69  6:30  SCV x2  
  73  6:42  SCV  
  73  6:46  SCV  
  75  6:52  Supply Depot  
  75  6:54  SCV  
  76  6:55  Command Center  
  76  7:03  SCV  
  76  7:04  Terran Infantry Weapons Level 1, Terran Infantry Armor Level 1, Marine x5  
  76  7:05  Widow Mine  
  76  7:06  SCV  
  76  7:07  Widow Mine  
  83  7:13  Missile Turret  
  76  7:22  Marine x4  
  69  7:48  Liberator  
  69  7:54  Missile Turret  
  69  7:56  Marine x5  
  69  7:58  SCV x2  
  76  8:02  Widow Mine x2  
  83  8:08  Orbital Command  
  83  8:25  SCV x2  
  85  8:27  Marine x2  
  85  8:28  Marine x3  
  90  8:38  SCV x2  
  90  8:41  Orbital Command  
  90  8:45  Marine x2  
  90  8:50  Marine x3  
  90  8:52  Widow Mine  
  95  8:56  Armory  
  95  8:58  Barracks  
  95  8:59  Barracks  
  94  9:03  Marine  
  79  9:18  Marine x4  
  79  9:21  Medivac x2, Marine  
  78  9:24  SCV x2  
  77  9:35  Marine  
  77  9:36  Liberator x2, SCV x2  
  80  9:41  Marine x4  
  84  9:46  Barracks  
  86  9:53  Marine  
  85  10:06  SCV  
  85  10:07  SCV  
  71  10:09  Marine  
  71  10:10  Marine  
  71  10:11  Marine  
  71  10:19  SCV x2  
  72  10:22  Widow Mine  
  72  10:23  Widow Mine  
  72  10:26  Barracks Reactor x3  
  72  10:27  Terran Infantry Weapons Level 2, Marine, Terran Infantry Armor Level 2  
  74  10:30  Orbital Command  
  74  10:31  SCV x2  
  76  10:41  Marine x2  
  79  10:43  SCV x2  
  79  10:44  Barracks Tech Lab  
  79  10:45  Marine  
  81  10:58  Marine  
  81  10:59  Marine  
  81  11:00  Medivac x2  
  81  11:02  Marine x4  
  81  11:03  Widow Mine, Marine x4  
  81  11:04  Widow Mine  
  95  11:10  SCV x3  
  102  11:16  Marine x2  
  104  11:21  Marine  
  105  11:27  Marine x4  
  105  11:28  Marine x3  
  105  11:31  SCV x3  
  115  11:34  Marine  
  116  11:41  Marine  
  117  12:11  Supply Depot, Concussive Shells  
  117  12:12  Supply Depot x2  
  117  12:20  Command Center  
  117  12:22  Supply Depot  
  117  12:23  Supply Depot  
  117  12:31  Marine x2  
  117  12:32  Marine x5  
  117  12:33  Marauder x2  
  91  12:49  Marine x4  
  91  12:50  Marine x4  
Tags
 
Add a new tag
Caveats
  • Supply blocks, unpowered buildings, or Contaminate may cause inaccurate times.
  • Supply counts are checked every 10 seconds.